 Dungeon Crawl Stone Soup version 0.30-a0-802-gb92711bcdf (webtiles) character file.

Game seed: 254642090944329085

477 Pimp the Trooper (level 7, -3/55 HPs)
             Began as a Human Fighter on Feb 24, 2023.
             Killed by divine providence
             ... invoked by an orc priest
              (13 damage)
             ... on level 5 of the Dungeon.
             The game lasted 00:06:18 (3049 turns).

Pimp the Trooper (Human Fighter)                    Turns: 3049, Time: 00:06:19

Health: -3/55      AC: 14    Str: 19    XL:     7   Next: 33%
Magic:  7/7        EV:  5    Int:  8    God:
Gold:   125        SH: 10    Dex: 12    Spells: 6/6 levels left

rFire   . . .      SeeInvis .    a - +0 war axe
rCold   . . .      Faith    .    c - +0 buckler
rNeg    . . .      Spirit   .    r - +0 plate armour
rPois   .          Reflect  +    m - +2 hat
rElec   .          Harm     .    (no cloak)
rCorr   .          Rampage  .    (no gloves)
Will    .....                    (no boots) Stlth
                                 l - amulet of reflection
HPRegen 0.29/turn                (no ring)
MPRegen 0.10/turn                (no ring)

@: mighty, hasted, very quick
A: no striking features
a: no special abilities


You were on level 5 of the Dungeon.
You visited 1 branch of the dungeon, and saw 5 of its levels.
You also visited: Sewer.

You collected 125 gold pieces.

Inventory:

Hand Weapons
 a - a +0 war axe (weapon)
Armour
 b - a +0 scale mail
 c - a +0 buckler (worn)
 m - a +2 hat (worn)
 r - a +0 plate armour (worn)
Jewellery
 f - an amulet of guardian spirit
 l - an amulet of reflection (around neck)
Scrolls
 h - 5 scrolls of identify {unknown}
 n - a scroll of amnesia {unknown}
Potions
 d - 2 potions of might
 e - a potion of haste
 g - a potion of attraction {unknown}
 i - a potion of curing {unknown}
 j - a potion of ambrosia {unknown}
 k - a potion of brilliance {unknown}
 o - a potion of experience {unknown}
 p - 3 potions of heal wounds {unknown}
 q - a potion of degeneration {unknown}


   Skills:
 + Level 4.6 Fighting
 + Level 4.0 Axes
 + Level 4.6 Armour
 + Level 4.6 Shields


You had 6 spell levels left.
You didn't know any spells.
Your spell library contained the following spells:

 Spells                   Type           Power      Damage    Failure   Level
 Freeze                   Ice            0%         1d3       100%        1
 Frozen Ramparts          Ice            0%         1d1       100%        3
 Hailstorm                Conj/Ice       0%         3d3       100%        3
 Ozocubu's Armour         Ice            0%         N/A       100%        3
 Iskenderun's Battlesphe  Conj           0%         2d6       100%        5
 Metabolic Englaciation   Hex/Ice        0%         N/A       100%        5
 Iron Shot                Conj/Erth      0%         9d1       100%        6
 Simulacrum               Ice/Necr       0%         N/A       100%        6
 Spellforged Servitor     Conj/Summ      0%         N/A       100%        7


Dungeon Overview and Level Annotations

Branches:
Dungeon (5/15)             Temple (0/1) D:5           Sewer (visited)

Altars:
Dithmenos
Fedhas
Makhleb
Ru
Trog

Shops:
D:3 [


Message History

The orc wizard hits you with a +3 dagger.
It was a potion of haste.
You feel yourself speed up. The orc barely misses you.
The orc hits you but does no damage.
The orc priest hits you but does no damage.
The orc wizard barely misses you.
You slash the orc wizard!
The orc wizard is almost dead.
You closely miss the orc priest. You slash the orc! x2
You kill the orc!
A nearby plant withers and dies.
The orc wizard hits you but does no damage.
The orc priest hits you but does no damage.
The orc hits you but does no damage.
Found a scroll labelled RACORE CUD PODOIK.
The orc wizard gestures at you while chanting.
The puff of flame hits you!
* * * LOW HITPOINT WARNING * * *
The orc throws a boomerang.
The boomerang hits you but does no damage.
You barely miss the orc priest.
The orc priest is moderately wounded.
The orc priest calls down the wrath of Beogh upon you.
Pain shoots through your body!
* * * LOW HITPOINT WARNING * * *
You feel less confused.
The orc throws a boomerang.
The boomerang barely misses you.
You closely miss the orc priest.
The orc priest is moderately wounded.
You barely miss the orc priest.
The orc priest is moderately wounded.
The orc wizard mumbles some strange words.
The orc wizard flickers and vanishes!
Deactivating autopickup; reactivate with Ctrl-A.
You closely miss the orc priest.
The orc priest is lightly wounded.
You hit the orc.
You kill the orc!
The orc priest invokes the aid of Beogh against you.
Beogh smites you!
You die...

.. .# ###.#.
###.#.. #.....
#....# .# #....+
...# ##
#.{l@#....#
P#...#.))o.....+
...>...<..(....#
.#...#)#.#.....#
##. #.#.#.##....
. ..#.#.# .?..
...#.#.# ...
....#.#.# ..
........


You could see an iguana and an orc priest.

Vanquished Creatures
  A black bear (D:4)
  A necrophage (D:4)
  2 jellies (Sewer)
  2 orc priests (D:4)
  An iguana (D:4)
  2 orc wizards (D:4)
  5 adders
  3 worms (Sewer)
  2 dart slugs (D:1)
  8 orcs
  3 bats
  13 endoplasms
  8 giant cockroaches
  2 goblins
  7 hobgoblins
  3 jackals (D:4)
  6 quokkas
  3 ball pythons
  2 frilled lizards
  6 kobolds
  10 rats
90 creatures vanquished.

Vanquished Creatures (others)
  An orc (D:4)
  4 plants (D:5)
5 creatures vanquished.

Grand Total: 95 creatures vanquished

Notes
Turn   | Place    | Note
-------+----------+-------------------------------------------
     0 | D:1      | Pimp the Human Fighter began the quest for the Orb.
     0 | D:1      | Reached XP level 1. HP: 18/18 MP: 1/1
   192 | D:1      | Reached XP level 2. HP: 23/24 MP: 2/2
   450 | D:1      | Reached XP level 3. HP: 27/29 MP: 3/3
   856 | D:2      | Found a bloodstained altar of Trog.
  1048 | D:2      | You fall into a shaft and drop 2 floors!
  1051 | D:4      | Noticed a black bear
  1055 | D:4      | Noticed a necrophage
  1058 | D:4      | Killed a black bear
  1059 | D:4      | Reached XP level 4. HP: 37/37 MP: 4/4
  1059 | D:4      | Reached XP level 5. HP: 42/42 MP: 5/5
  1147 | D:4      | Reached XP level 6. HP: 32/48 MP: 6/6
  1560 | D:3      | Found a blossoming altar of Fedhas.
  1586 | D:3      | Found a shadowy altar of Dithmenos.
  1636 | D:3      | Found a burning altar of Makhleb.
  1730 | D:3      | Found Zeizapp's Antique Armour Boutique.
  1853 | D:3      | Found a glowing drain.
  1873 | Sewer    | Entered a sewer
  1946 | Sewer    | Reached XP level 7. HP: 54/55 MP: 7/7
  2260 | Sewer    | Found a shimmering altar of Xom.
  2965 | D:4      | Found a sacrificial altar of Ru.
  3029 | D:5      | Entered Level 5 of the Dungeon
  3029 | D:5      | Found a staircase to the Ecumenical Temple.
  3049 | D:5      | Killed from afar by an orc priest

Illustrated notes

Levels and vault maps discovered:
D:1:      minmay_arrival_floating_metal, layout_loops_ring, dk_noncrumbling_4
D:2:      layout_loops_ring, basic_altar
D:3:      layout_loops_cross, bloody_makhleb,
          mainiacjoe_overflow_large_starburst, portal_sewer_entry_f,
          serial_shops, nicolae_square_shop
D:4:      layout_rooms, mainiacjoe_overflow_alcove_1
D:5:      layout_basic, minmay_temple_entry_gardened_gates, kennysheep_diamond

Skill      XL: |  1  2  3  4  5  6  7 |
---------------+----------------------+-----
Axes           | 3 4 |  4.0
Fighting       | 4 |  4.6
Armour         | 4 |  4.6
Shields        | 4 |  4.6

Action                     |  1- 3 |  4- 6 |  7- 9 || total
---------------------------+-------+-------+-------++-------
  Melee: War axe           |    69 |   138 |    82 ||   289
    Use: Scroll            |       |     2 |       ||     2
         Potion            |       |     1 |     2 ||     3
 Armour: Scale mail        |    58 |    60 |    20 ||   138
         Plate armour      |       |       |    29 ||    29
  Dodge: Dodged            |    49 |    47 |    29 ||   125
  Block: Buckler           |    29 |    77 |    33 ||   139
         Reflection        |       |     3 |       ||     3

Table legend: (Time is in decaauts)
 A = Elapsed time spent in this place.
 B = Non-inter-level travel time spent in this place.
 C = Inter-level travel time spent in this place.
 D = Time resting spent in this place.
 E = Time spent auto-exploring this place.
 F = Levels seen in this place.
 G = Mean time per level.
                   A        B        C        D        E       F      G
               +--------+--------+--------+--------+--------+-----+--------+
         Total |   3204 |   3073 |    131 |    327 |   1772 |   6 |  534.0 |
       Dungeon |   2642 |   2511 |    131 |    251 |   1490 |   5 |  528.4 |
         Sewer |    562 |    562 |      0 |     76 |    281 |   1 |  562.0 |
               +--------+--------+--------+--------+--------+-----+--------+

Top non-repeatable levels by time:
     D:1: 865 daAuts
     D:4: 814 daAuts
     D:3: 711 daAuts
   Sewer: 562 daAuts
     D:2: 229 daAuts
     D:5: 22 daAuts
